 Dungeon Crawl Stone Soup version 0.31-a0-18-gea43df2a32 (webtiles) character file.

Game seed: 365533503130554351

60 pk666 the Magician (level 3, -2/19 HPs)
             Began as a Deep Elf Hedge Wizard on May 12, 2023.
             Slain by Grinder (6 damage)
             ... on level 3 of the Dungeon.
             The game lasted 00:03:11 (2734 turns).

pk666 the Magician (Deep Elf Hedge Wizard)          Turns: 2734, Time: 00:03:11

Health: -2/19      AC:  2    Str:  7    XL:     3   Next: 80%
Magic:  5/11       EV: 12    Int: 20    God:
Gold:   113        SH:  0    Dex: 14    Spells: 9/12 levels left

rFire   . . .        j - +2 dagger (venom)
rCold   . . .        (no shield)
rNeg    . . .        b - +0 robe
rPois   .            c - +0 hat
rElec   .            (no cloak)
rCorr   .            (no gloves)
SInv    .            (no boots)
Will    .....        (no amulet)
Stlth   ++           (no ring)
HPRegen 0.23/turn    (no ring)
MPRegen 0.12/turn

%: no passive effects
@: no status effects
A: no striking features
a: no special abilities


You were on level 3 of the Dungeon.
You visited 1 branch of the dungeon, and saw 3 of its levels.

You collected 113 gold pieces.

Inventory:

Hand Weapons
 j - a +2 dagger of venom (weapon)
Armour
 b - a +0 robe (worn)
 c - a +0 hat (worn)
Jewellery
 i - a ring of poison resistance
Wands
 o - a wand of flame (7)
Scrolls
 a - a scroll of blinking {unknown}
 f - 2 scrolls of poison {unknown}
 g - a scroll of torment {unknown}
 h - 3 scrolls of noise {unknown}
 k - a scroll of teleportation {unknown}
 n - 2 scrolls of identify {unknown}
Potions
 d - a potion of magic
 e - 2 potions of flight {unknown}
 l - a potion of haste {unknown}
 m - 2 potions of might {unknown}
 p - a potion of curing {unknown}


   Skills:
 - Level 2.4 Dodging
 - Level 2.4 Stealth
 + Level 5.2 Spellcasting
 + Level 2.4 Conjurations
 - Level 1.1 Summonings
 + Level 2.5 Translocations


You had 9 spell levels left.
You knew the following spells:

 Your Spells              Type           Power      Damage    Failure   Level
a - Magic Dart            Conj           56%        1d5       4%          1
b - Blink                 Tloc           30%        N/A       6%          2

Your spell library contained the following spells:

 Spells                   Type           Power      Damage    Failure   Level
 Call Imp                 Summ           18%        N/A       11%         2
 Slow                     Hex            20%        N/A       12%         1
 Cigotuvi's Dreadful Rot  Necr/Pois/Air  10%        N/A       17%         2
 Mephitic Cloud           Conj/Pois/Air  8%         N/A       24%         3


Dungeon Overview and Level Annotations

Branches:
Dungeon (3/15)

Altars:

Annotations:
D:3 Grinder


Message History

Aiming: Magic Dart (safe; 4% risk of failure)
Press: ? - help, Shift-Dir - straight line, f/p - Grinder
Aim: Grinder (lightly wounded, 100% to hit)
The magic dart hits Grinder.
Grinder is lightly wounded.
Casting: Magic Dart (safe; 4% risk of failure)
Confirm with . or Enter, or press ? or * to list all spells.
Aiming: Magic Dart (safe; 4% risk of failure)
Press: ? - help, Shift-Dir - straight line, f/p - Grinder
Aim: Grinder (lightly wounded, 100% to hit)
The magic dart hits Grinder.
Grinder is lightly wounded.
Grinder gestures at you. Pain shoots through your body!
Casting: Magic Dart (safe; 4% risk of failure)
Confirm with . or Enter, or press ? or * to list all spells.
Aiming: Magic Dart (safe; 4% risk of failure)
Press: ? - help, Shift-Dir - straight line, f/p - Grinder
Aim: Grinder (lightly wounded, 100% to hit)
The magic dart hits Grinder.
Grinder is lightly wounded.
Casting: Magic Dart (safe; 4% risk of failure)
Confirm with . or Enter, or press ? or * to list all spells.
Aiming: Magic Dart (safe; 4% risk of failure)
Press: ? - help, Shift-Dir - straight line, f/p - Grinder
Aim: Grinder (lightly wounded, 100% to hit)
The magic dart hits Grinder.
Grinder is moderately wounded.
Grinder gestures at you.
You suddenly lose the ability to move!
Grinder hits you. Grinder gestures at you. Pain shoots through your body!
You can move again.
You hit Grinder.
Grinder is poisoned.
Grinder is moderately wounded.
Grinder hits you.
* * * LOW HITPOINT WARNING * * *
You writhe in agony.
You die...

..###.# ##..... #...†..
#.†..# .)##.# #....# #
#..#.#.# ###...##
#.##..#.#.# ####.....#
#.....#.#.# #....#...#
......###...#.####.####...#
..... +...5.#.##...# #...#
.... #####@#.#..### #####
... #.#.#.## .. #..>..# .
#######


You could see Grinder (very poisoned).

Vanquished Creatures
  An adder (D:2)
  A worm (D:3)
  4 ball pythons
  8 endoplasms
  2 giant cockroaches (D:1)
  5 goblins
  5 hobgoblins
  4 kobolds
  2 quokkas
  7 bats
  2 rats (D:2)
41 creatures vanquished.

Notes
Turn   | Place    | Note
-------+----------+-------------------------------------------
     0 | D:1      | pk666 the Deep Elf Hedge Wizard began the quest for the
                  | Orb.
     0 | D:1      | Reached XP level 1. HP: 10/10 MP: 7/7
   294 | D:1      | Reached XP level 2. HP: 15/15 MP: 0/9
   373 | D:1      | Learned a level 2 spell: Blink
  1112 | D:1      | Found a faded altar of an unknown god.
  1274 | D:2      | Reached XP level 3. HP: 19/19 MP: 4/11
  1375 | D:2      | Reached skill level 5 in Spellcasting
  2720 | D:3      | Noticed Grinder
  2731 | D:3      | Paralysed by Grinder for 3 turns
  2734 | D:3      | Slain by Grinder

Illustrated notes

Levels and vault maps discovered:
D:1:      minmay_arrival_stair_chambers, layout_basic,
          shapermc_ecumenical_altar_mp_ritualfount
D:2:      layout_basic
D:3:      layout_basic, kennysheep_flooded_box, uniq_grinder

Skill      XL: |  1  2  3 |
---------------+----------+-----
Translocations | 2 |  2.5
Conjurations   | 2 |  2.4
Spellcasting   | 5 |  5.2
Dodging        | |  2.4
Stealth        | |  2.4
Summonings     | |  1.1

Action                     || total
---------------------------++-------
  Melee: Dagger            ||     1
   Cast: Magic Dart        ||   123
 Armour: Robe              ||     1
  Dodge: Dodged            ||     9

Table legend: (Time is in decaauts)
 A = Elapsed time spent in this place.
 B = Non-inter-level travel time spent in this place.
 C = Inter-level travel time spent in this place.
 D = Time resting spent in this place.
 E = Time spent auto-exploring this place.
 F = Levels seen in this place.
 G = Mean time per level.
                   A        B        C        D        E       F      G
               +--------+--------+--------+--------+--------+-----+--------+
         Total |   2733 |   2666 |     67 |    342 |   2091 |   3 |  911.0 |
       Dungeon |   2733 |   2666 |     67 |    342 |   2091 |   3 |  911.0 |
               +--------+--------+--------+--------+--------+-----+--------+

Top non-repeatable levels by time:
     D:2: 1220 daAuts
     D:1: 1208 daAuts
     D:3: 303 daAuts
